 Dungeon Crawl Stone Soup version 0.21-a0-110-g8e1637b (webtiles) character file.

3156 meatball the Covert (level 9, -5/62 HPs)
             Began as an Octopode Assassin on July 7, 2017.
             Was a Believer of Dithmenos.
             Slain by a hornet (10 damage)
             ... on level 8 of the Dungeon.
             The game lasted 00:54:40 (8423 turns).

meatball the Covert (Octopode Assassin)             Turns: 8423, Time: 00:54:42

Health: -5/62      AC:  3    Str: 10    XL:     9   Next: 93%
Magic:  9/9        EV: 18    Int: 13    God:    Dithmenos [**....]
Gold:   399        SH:  0    Dex: 17    Spells: 8/8 levels left

rFire    + . .     SeeInvis .   a - +2 dagger
rCold    + . .     Gourm    .   (no shield)
rNeg     . . .     Faith    .   (helmet restricted)
rPois    +         Spirit   .   (no amulet)
rElec    +         Reflect  .   y - ring of stealth
rCorr    +         Harm     .   (no ring)
MR       .....                  (no ring)
Stlth    +++++++++.             (no ring)
HPRegen  0.20/turn              (no ring)
MPRegen  0.11/turn              (no ring)
                                (no ring)
                                (no ring)

@: lethally poisoned (-5 -> -24), resistant, slowed, wreathed by umbra, very
slow
A: almost no armour, stealthy swim, amphibious, 8 rings, constrict 8, tentacle
spike 1, thin metallic scales 1, camouflage 1, gelatinous body 1
a: Shadow Step, Renounce Religion


You were on level 8 of the Dungeon.
You worshipped Dithmenos.
Dithmenos was pleased with you.
You were very hungry.

You visited 2 branches of the dungeon, and saw 9 of its levels.

You collected 399 gold pieces.

Inventory:

Hand Weapons
 a - a +2 dagger (weapon)
 b - a +0 blowgun
 E - a cursed -1 dagger
Missiles
 c - 28 poisoned needles
 d - 2 curare-tipped needles
Jewellery
 k - a cursed ring of resist corrosion
 y - a ring of stealth (left tentacle)
Wands
 G - a wand of paralysis (18/24)
Scrolls
 e - 3 scrolls of identify
 h - 2 scrolls of immolation {unknown}
 j - 5 scrolls of remove curse {unknown}
 m - a scroll of amnesia {unknown}
 p - a scroll of teleportation {unknown}
 r - a scroll of fog {unknown}
 v - a scroll of enchant armour {unknown}
 w - 2 scrolls of magic mapping {unknown}
 D - a scroll of recharging {unknown}
Potions
 l - 2 potions of mutation
 n - a potion of ambrosia {unknown}
 o - a potion of curing {unknown}
 q - a potion of agility {unknown}
 t - a potion of cancellation {unknown}
 u - a potion of lignification {unknown}
 x - a potion of might {unknown}
 z - a potion of resistance
 B - 2 potions of haste {unknown}
 C - a potion of magic {unknown}
Comestibles
 f - 6 bread rations
 g - a royal jelly
 i - 4 meat rations
 s - 3 fruits


   Skills:
 - Level 6.0 Fighting
 - Level 5.3 Short Blades
 * Level 4.6 Throwing
 + Level 7.4 Dodging
 + Level 11.5 Stealth


You had 8 spell levels left.
You didn't know any spells.

Dungeon Overview and Level Annotations

Branches:
Dungeon (8/15)             Temple (1/1) D:5
   Lair: D:8-11

Altars:
Ashenzari
Cheibriados
Dithmenos
Elyvilon
Fedhas
Gozag
Hepliaklqana
Kikubaaqudgha
Makhleb
Nemelex Xobeh
Okawaru
Qazlal
Ru
Sif Muna
Trog
Uskayaw
Vehumet
Wu Jian
Xom
Yredelemnul
Zin
The Shining One


Innate Abilities, Weirdness & Mutations

You cannot wear most types of armour.
You are very stealthy in the water. (Stealth+)
You are amphibious.
You can wear up to eight rings at the same time.
You can use your tentacles to constrict eight enemies at once.
Your skin changes colour to match your surroundings (Stealth+).
Your rubbery body absorbs attacks. (AC +1, EV +1)
One of your tentacles bears a spike.
You are partially covered in thin metallic scales. (AC +2)


Message History

The floor.
Aiming: Paralyse
Press: ? - help, Shift-Dir - straight line, f - hornet
Aim: a hornet (heavily wounded, constricted by you, umbra, chance to defeat MR: 37%)
The hornet easily resists.
This wand has 18 charges left.
You constrict the hornet.
You feel sick. The hornet closely misses you. The hornet stings you.
* * * LOW HITPOINT WARNING * * *
You are lethally poisoned!
You feel as though you will be slow longer.
The hornet stings you.
* * * LOW HITPOINT WARNING * * *
You feel as though you will be slow longer.
It was a potion of resistance.
You feel protected.
You constrict the hornet, but do no damage.
* * * LOW HITPOINT WARNING * * *
You feel very sick. The hornet closely misses you. The hornet stings you!
You die...

####
..#
#>#
#<#
#@#
#y#
#.#
#.#
#.#
#.#
...
#.#


You could see a hornet.

Vanquished Creatures
  A two-headed ogre (D:6)
  A hungry ghost (D:7)
  A sky beast (D:5)
  A black bear (D:6)
  3 orc warriors
  2 phantoms
  4 ogres
  A centaur (D:6)
  A bullfrog (D:7)
  2 scorpions
  A water moccasin skeleton (D:7)
  A centaur zombie (D:5)
  2 crimson imps
  4 hounds
  2 orc wizards
  7 orc priests
  3 jellies
  Jessica (D:3)
  An iguana (D:5)
  A worker ant (D:4)
  A hound zombie (D:5)
  A worker ant zombie (D:5)
  13 gnolls
  A howler monkey skeleton (D:6)
  10 adders
  4 shadow imps
  An ooze (D:5)
  An adder skeleton (D:4)
  An adder zombie (D:7)
  4 worms
  6 dart slugs
  4 leopard geckos
  34 orcs
  7 giant cockroaches
  13 goblins
  6 hobgoblins
  11 jackals
  5 quokkas
  3 ball pythons
  8 bats
  7 frilled lizards
  A jackal skeleton (D:5)
  9 kobolds
  5 rats
196 creatures vanquished.

Notes
Turn   | Place    | Note
-------+----------+-------------------------------------------
     0 | D:1      | meatball the Octopode Assassin began the quest for the Orb.
     0 | D:1      | Reached XP level 1. HP: 14/14 MP: 1/1
   306 | D:1      | Reached XP level 2. HP: 19/19 MP: 2/2
   612 | D:1      | Reached skill level 6 in Stealth
   726 | D:1      | Reached XP level 3. HP: 19/24 MP: 3/3
  1119 | D:2      | Reached XP level 4. HP: 18/29 MP: 4/4
  1383 | D:2      | Found a hazy altar of Hepliaklqana.
  1481 | D:2      | Found a faded altar of an unknown god.
  1836 | D:2      | Reached XP level 5. HP: 34/34 MP: 5/5
  2820 | D:3      | Noticed Jessica
  2828 | D:3      | Killed Jessica
  3090 | D:3      | Gained mutation: You are partially covered in thin metallic scales. (AC +2) [potion of mutation]
  3090 | D:3      | Gained mutation: One of your tentacles bears a spike. [potion of mutation]
  3107 | D:4      | Reached XP level 6. HP: 39/39 MP: 6/6
  3160 | D:4      | Reached skill level 7 in Stealth
  3328 | D:4      | Reached skill level 5 in Short Blades
  3443 | D:4      | Reached XP level 7. HP: 42/45 MP: 7/7
  3622 | D:5      | Entered Level 5 of the Dungeon
  3810 | D:5      | Reached skill level 8 in Stealth
  4280 | D:5      | Found a staircase to the Ecumenical Temple.
  4289 | Temple   | Entered the Ecumenical Temple
  4396 | Temple   | Became a worshipper of Dithmenos the Shadowed
  4713 | D:5      | Reached XP level 8. HP: 12/52 MP: 8/8
  5232 | D:6      | Found a bloodstained altar of Trog.
  5309 | D:6      | Found a sacrificial altar of Ru.
  5350 | D:6      | Reached skill level 9 in Stealth
  5445 | D:6      | Reached skill level 5 in Dodging
  5448 | D:6      | Noticed a two-headed ogre
  6028 | D:6      | Killed a two-headed ogre
  6028 | D:6      | Reached * piety under Dithmenos
  6028 | D:6      | Reached skill level 5 in Fighting
  6028 | D:6      | Reached skill level 10 in Stealth
  6028 | D:6      | Reached XP level 9. HP: 25/62 MP: 9/9
  6405 | D:6      | Found a blossoming altar of Fedhas.
  6721 | D:7      | Reached skill level 11 in Stealth
  6749 | D:7      | Noticed a hand axe
  6750 | D:7      | Noticed an enchanted hand axe
  6763 | D:7      | Found a hide-covered altar of Uskayaw.
  7474 | D:7      | Reached ** piety under Dithmenos
  8355 | D:8      | Noticed a two-headed ogre
  8414 | D:8      | Noticed a hornet
  8423 | D:8      | Slain by a hornet

Vault maps used:
D:1:      evilmike_arrival_rings
D:2:      nicolae_overflow_hidden_temple, chequers_ecumenical_altar_simple_redux
D:3:      serial_forest, infiniplex_forest_end_2, infiniplex_forest_lined_room_,
          infiniplex_forest_lined_4_way, infiniplex_forest_straight_2,
          infiniplex_forest_clump_medium, infiniplex_forest_end_2,
          infiniplex_forest_lined_room_2, kennysheep_jessica_study
D:5:      minmay_temple_entry_mist, first_bread
D:6:      bloody_trog, nicolae_overflow_crystal_walls,
          nicolae_ru_sacrificial_ziggurat
D:7:      dancing_weapons_uskayaw
D:8:      hangedman_little_slice_of_home
Temple:   regret_index_temple_mists

Skill      XL: |  1  2  3  4  5  6  7  8  9 |
---------------+----------------------------+-----
Stealth        | 6 7 8 10 11 | 11.5
Short Blades   | 3 4 5 |  5.3
Dodging        | 2 3 4 6 7 |  7.4
Fighting       | 3 5 6 |  6.0
Throwing       | 4 |  4.6

Action                   |  1- 3 |  4- 6 |  7- 9 || total
-------------------------+-------+-------+-------++-------
Melee: Dagger            |    60 |   143 |   327 ||   530
       Constrict         |    11 |    33 |    52 ||    96
       Tentacles         |     7 |    39 |    83 ||   129
       Kick              |       |    12 |   127 ||   139
 Fire: Blowgun           |       |     3 |    19 ||    22
Evoke: Wand              |       |       |     2 ||     2
  Use: Scroll            |       |     2 |     3 ||     5
       Potion            |       |     1 |     1 ||     2
 Stab: Sleeping          |    19 |    18 |    22 ||    59
       Distracted        |       |     2 |     2 ||     4
  Eat: Chunk             |     1 |     7 |    16 ||    24
Armor: Skin              |     3 |     4 |    14 ||    21
Dodge: Dodged            |    24 |    48 |   165 ||   237
